 Dungeon Crawl Stone Soup version 0.30-a0-557-ge2afbf3030 (webtiles) character file.

Game seed: 4195064252800377726

25 PimpSugar the Magician (level 2, -4/19 HPs)
             Began as a Demonspawn Hedge Wizard on Dec 27, 2022.
             Slain by Sigmund
             ... wielding a +4 scythe of flaming
              (7 damage)
             ... on level 2 of the Dungeon.
             The game lasted 00:05:46 (1106 turns).

PimpSugar the Magician (Demonspawn Hedge Wizard)    Turns: 1106, Time: 00:05:47

Health: -4/19      AC:  2    Str: 10    XL:     2   Next: 82%
Magic:  6/6        EV: 12    Int: 15    God:
Gold:   48         SH:  0    Dex: 12    Spells: 4/7 levels left

rFire   . . .      SeeInvis .    k - +0 sling
rCold   . . .      Faith    .    (no shield)
rNeg    . . .      Spirit   .    b - +0 robe
rPois   .          Reflect  .    c - +0 hat
rElec   .          Harm     .    p - scarf {repulsion}
rCorr   .          Rampage  .    (no gloves)
Will    .....                    (no boots)
Stlth   ++                       (no amulet)
HPRegen 0.23/turn                (no ring)
MPRegen 0.10/turn                (no ring)

@: flying, repel missiles
A: horns 1
a: no special abilities


You were on level 2 of the Dungeon.
You visited 1 branch of the dungeon, and saw 2 of its levels.

You collected 48 gold pieces.

Inventory:

Hand Weapons
 a - a +0 dagger
 k - a +0 sling (weapon)
Missiles
 h - 10 poisoned darts
 i - 9 stones
 l - 3 boomerangs
Armour
 b - a +0 robe (worn)
 c - a +0 hat (worn)
 m - a +0 buckler
 p - a scarf of repulsion (worn)
Scrolls
 e - 6 scrolls of identify
 f - a scroll of fear {unknown}
 g - 2 scrolls of teleportation {unknown}
 o - a scroll of fog {unknown}
Potions
 d - a potion of magic
 n - a potion of invisibility {unknown}


   Skills:
 + Level 2.0 Dodging
 + Level 2.0 Stealth
 + Level 3.1 Spellcasting
 + Level 1.3 Conjurations
 + Level 1.4 Summonings
 + Level 1.3 Translocations


You had 4 spell levels left.
You knew the following spells:

 Your Spells              Type           Power      Damage    Failure   Level
a - Magic Dart            Conj           24%        1d4       12%         1
b - Call Imp              Summ           6%         N/A       16%         2

Your spell library contained the following spells:

 Spells                   Type           Power      Damage    Failure   Level
 Blink                    Tloc           12%        N/A       17%         2
 Slow                     Hex            8%         N/A       21%         1
 Cigotuvi's Dreadful Rot  Necr/Pois/Air  4%         N/A       30%         2
 Gell's Gravitas          Tloc           6%         N/A       34%         3
 Lesser Beckoning         Tloc           12%        N/A       34%         3
 Teleport Other           Tloc           6%         N/A       34%         3
 Mephitic Cloud           Conj/Pois/Air  3%         N/A       45%         3


Dungeon Overview and Level Annotations

Branches:
Dungeon (2/15)

Altars:
Okawaru

Annotations:
D:2 Sigmund


Innate Abilities, Weirdness & Mutations

You have a pair of small horns on your head.


Message History

Done exploring.
Done exploring.
You see here a +0 dagger.
You see here a +0 leather armour.
You see here a +0 dagger.
There is a stone staircase leading down here.
You see here a +0 dagger.
There is a stone staircase leading down here.
You see here a +0 dagger.
Okay, then.
You climb downwards.
There is a stone staircase leading up here.
You open the door.
There is an open door here.
The hobgoblin shouts!
Found a stone staircase leading down.
You see here a scarf of repulsion.
p - a scarf of repulsion Sigmund the Dreaded comes into view.
He is wielding a +4 scythe of flaming.
Sigmund shouts!
You start putting on your armour.
You continue putting on your scarf of repulsion. x3
Sigmund hits you from afar with a +4 scythe of flaming!
Ouch! That really hurt!
* * * LOW HITPOINT WARNING * * *
Sigmund burns you.
* * * LOW HITPOINT WARNING * * *
You continue putting on your scarf of repulsion.
You finish putting on your scarf of repulsion.
You are surrounded by a repulsion field.
As you read the scroll labelled XOUDYI WOITE, it crumbles to dust.
It is a scroll of identify.
j - a potion of flight Sigmund gestures at you while chanting.
The puff of flame is repelled.
You feel very buoyant.
You fly up into the air.
Sigmund's eyes start glowing with a red light.
Sigmund hits you from afar with a +4 scythe of flaming!
You die...

###...........#
..'.....####..#
###.....#..#..#
###.....#g.#..##########
.......P##+#.......>....
#####.................#
##................#
#######..........#
####....@..[..#
#.............#
#........@....#
#.............#
####..........#
#..........#
######....## ....# ....#


You could see Sigmund.

Vanquished Creatures
  A giant cockroach (D:1)
  2 goblins (D:1)
  4 hobgoblins (D:1)
  4 kobolds (D:1)
  A quokka (D:1)
  4 bats (D:1)
  A frilled lizard (D:1)
17 creatures vanquished.

Vanquished Creatures (collateral kills)
  A ball python (D:1)
  A hobgoblin (D:1)
  A kobold (D:1)
3 creatures vanquished.

Grand Total: 20 creatures vanquished

Notes
Turn   | Place    | Note
-------+----------+-------------------------------------------
     0 | D:1      | PimpSugar the Demonspawn Hedge Wizard began the quest for
                  | the Orb.
     0 | D:1      | Reached XP level 1. HP: 13/13 MP: 4/4
     0 | D:1      | Noticed an ice dragon
     0 | D:1      | Noticed a large abomination
     0 | D:1      | Noticed an iron dragon
     1 | D:1      | Noticed a tentacled monstrosity
     3 | D:1      | Noticed a tentacled monstrosity
     3 | D:1      | Noticed an iron dragon
     5 | D:1      | Noticed a large abomination
     6 | D:1      | Noticed an orb of fire
     7 | D:1      | Noticed an ice dragon
     9 | D:1      | Noticed a yellow draconian
    13 | D:1      | Noticed a shadow dragon
    15 | D:1      | Noticed an ice dragon
    15 | D:1      | Noticed a large abomination
    17 | D:1      | Noticed a black draconian
    17 | D:1      | Noticed an ice dragon
    20 | D:1      | Noticed a black draconian
    20 | D:1      | Noticed an orb of fire
    22 | D:1      | Noticed a shadow dragon
   121 | D:1      | Reached skill level 1 in Translocations
   269 | D:1      | Discovered your monstrous ancestry.
   269 | D:1      | Gained mutation: You have a pair of small horns on your
                  | head. [demonic ancestry]
   269 | D:1      | Reached XP level 2. HP: 19/19 MP: 6/6
   416 | D:1      | Found a faded altar of an unknown god.
   444 | D:1      | Prayed at the altar of an unknown god.
   444 | D:1      | Became a worshipper of Warmaster Okawaru
   444 | D:1      | Reached * piety under Okawaru
   445 | D:1      | Fell from the grace of Okawaru
   511 | D:1      | Learned a level 2 spell: Call Imp
  1094 | D:2      | Noticed Sigmund
  1106 | D:2      | Slain by Sigmund

Illustrated notes

Levels and vault maps discovered:
D:1:      shiori_arrival_whats_in_store_for_you, layout_loops_ring,
          chequers_ecumenical_altar_simple_redux, minmay_pentomino_q2
D:2:      layout_basic, corexii_shack, nicolae_elevator_lobby_asterisk,
          uniq_sigmund

Skill      XL: |  1  2 |
---------------+-------+-----
Translocations | 1 |  1.3
Stealth        | 2 |  2.0
Dodging        | 2 |  2.0
Spellcasting   | |  3.1
Conjurations   | |  1.3
Summonings     | |  1.4

Action                   || total
-------------------------++-------
Melee: Dagger            ||     7
 Fire: Sling             ||    44
 Cast: Magic Dart        ||    17
       Call Imp          ||     2
Invok: Renounce Religion ||     1
  Use: Scroll            ||     1
       Potion            ||     1
Armor: Robe              ||    18
Dodge: Dodged            ||    44
       Repelled          ||     1

Table legend: (Time is in decaauts)
 A = Elapsed time spent in this place.
 B = Non-inter-level travel time spent in this place.
 C = Inter-level travel time spent in this place.
 D = Time resting spent in this place.
 E = Time spent auto-exploring this place.
 F = Levels seen in this place.
 G = Mean time per level.
                   A        B        C        D        E       F      G
               +--------+--------+--------+--------+--------+-----+--------+
         Total |   1122 |    933 |    189 |      5 |    612 |   2 |  561.0 |
       Dungeon |   1122 |    933 |    189 |      5 |    612 |   2 |  561.0 |
               +--------+--------+--------+--------+--------+-----+--------+

Top non-repeatable levels by time:
     D:1: 1068 daAuts
     D:2: 54 daAuts
